 Dungeon Crawl Stone Soup version 0.32-a0-981-g384da2ce10 (webtiles) character file.

Game seed: 15719195363601264346

499 KennySheep the Conjurer (level 6, 0/52 HPs)
             Began as a Mountain Dwarf Reaver on Apr 20, 2024.
             Slain by a centaur (2 damage)
             ... on level 5 of the Dungeon.
             The game lasted 00:16:45 (2444 turns).

KennySheep the Conjurer (Mountain Dwarf Reaver)     Turns: 2444, Time: 00:16:45

Health: 0/52       AC:  4    Str: 15    XL:     6   Next: 94%
Magic:  11/11      EV: 10    Int: 15    God:
Gold:   149        SH:  0    Dex:  8    Spells: 8/12 levels left

rFire   . . .        k - +0 mace (protect)
rCold   . . .        (no shield)
rNeg    . . .        b - +1 leather armour
rPois   .            (no helmet)
rElec   .            (no cloak)
rCorr   .            (no gloves)
SInv    .            (no boots)
Will    .....        (no amulet)
Stlth   +            (no ring)
HPRegen 0.28/turn    (no ring)
MPRegen 0.12/turn

%: no passive effects
@: no status effects
A: runic magic, artefact enchanting
a: no special abilities


You were on level 5 of the Dungeon.
You visited 1 branch of the dungeon, and saw 5 of its levels.
You also visited: Ossuary.

You collected 149 gold pieces.

Inventory:

Hand Weapons
 a - a +0 mace
 i - a +2 dagger of protection
 k - a +0 mace of protection (weapon)
Missiles
 o - 2 curare-tipped darts
Armour
 b - a +1 leather armour (worn)
 y - a +0 leather armour of fire resistance
Jewellery
 m - an amulet of guardian spirit
Wands
 l - a wand of flame (13)
 n - a wand of mindburst (11)
Scrolls
 c - a scroll of revelation {unknown}
 d - a scroll of vulnerability
 g - a scroll of noise
 j - 2 scrolls of immolation
 q - a scroll of blinking
 r - a scroll of teleportation
 w - a scroll of enchant armour
 x - a scroll of enchant weapon
Potions
 e - a potion of curing
 f - a potion of degeneration {unknown}
 h - a potion of enlightenment {unknown}
 p - a potion of haste {unknown}
 s - a potion of resistance {unknown}
 t - a potion of heal wounds {unknown}
 u - a potion of mutation {unknown}
 v - a potion of cancellation


   Skills:
 + Level 3.6 Fighting
 - Level 3.6 Maces & Flails
 - Level 1.5 Dodging
 * Level 3.8 Spellcasting
 * Level 4.4 Conjurations
 * Level 4.0 Fire Magic


You had 8 spell levels left.
You knew the following spells:

 Your Spells              Type           Power      Damage    Failure   Level
a - Kiss of Death         Conj/Necr      36%        2d8       8%          1
b - Summon Small Mammal   Summ           8%         N/A       19%         1
c - Momentum Strike       Conj/Tloc      18%        3d8       12%         2

Your spell library contained the following spells:

 Spells                   Type           Power      Damage    Failure   Level
 Sting                    Conj/Alch      36%        1d5       8%          1
 Apportation              Tloc           4%         N/A       19%         1
 Necrotise                Necr           8%         1d4       19%         1
 Dazzling Flash           Conj/Hex       18%        N/A       24%         3
 Hailstorm                Conj/Ice       9%         3d6       24%         3
 Starburst                Conj/Fire      7%         6d4       99%         6
 Fulsome Fusillade        Conj/Alch      4%         (3-5)d5   100%        8


Dungeon Overview and Level Annotations

Branches:
Dungeon (6/15)            Ossuary (visited)
 Temple: D:4-7

Altars:


Innate Abilities, Weirdness & Mutations

Your spellcasting is much less encumbered by armour.
You can use scrolls of enchantment on lesser artefacts.


Message History

The white imp hits you but does no damage.
You barely miss the white imp.
The white imp is moderately wounded.
The white imp gestures at you. The puff of frost misses you.
You closely miss the white imp.
The white imp is moderately wounded.
The white imp gestures at you. The puff of frost hits you!
You hit the white imp.
Your weapon exudes an aura of protection.
The white imp is heavily wounded.
The white imp gestures at you.
The puff of frost hits you but does no damage.
The white imp gestures at you. The puff of frost hits you.
You hit the white imp.
You kill the white imp!
Your life force feels restored.
You start resting.
A centaur comes into view.
The centaur shouts!
The centaur wields a +0 orcbow.
The centaur shoots an arrow.
The arrow barely misses you.
An iguana comes into view.
Found 10 gold pieces.
The iguana hisses angrily.
The centaur shoots an arrow.
The arrow barely misses you.
The centaur shoots an arrow.
The arrow hits you!
The centaur shoots an arrow.
The arrow hits you!
The centaur shoots an arrow.
The arrow hits you!
* * * LOW HITPOINT WARNING * * *
Okay, then.
Okay, then.
The centaur unwields a +0 orcbow.
The centaur misses you. The centaur barely misses you.
It was a potion of curing.
You feel better. The centaur hits you.
* * * LOW HITPOINT WARNING * * *
The centaur kicks you.
You die...

.######.## ##...## ..###.#..#
###.....#. ...##...## #.......5.
#.###...###
############...#..##.
...##.#...###..............# .$#
......##>..##..................#
..#.#..##.##...................#
>.#.......##.................###
.....##.........@.....l......#
....##.........c..............#
...##.....#.#........#.......##
....#.....###.......##......##
##........##........# .$...
#......#####......# .. ##.....
.......# ##..## .........


You could see a centaur and an iguana.

Vanquished Creatures
  Menkaure (Ossuary)
  An ogre (D:6)
  A kobold brigand (D:6)
  A scorpion (D:6)
  A sleepcap (D:5)
  3 mummies (Ossuary)
  An adder (D:2)
  A white imp (D:5)
  A ribbon worm (D:3)
  2 dart slugs
  3 orcs
  4 bats
  4 endoplasms
  A giant cockroach (D:2)
  3 gnoll zombies (Ossuary)
  6 goblins
  3 hobgoblins
  A quokka (D:3)
  A frilled lizard (D:1)
  3 gnoll skeletons (Ossuary)
  4 goblin skeletons (Ossuary)
  4 goblin zombies (Ossuary)
  6 hobgoblin skeletons (Ossuary)
  2 hobgoblin zombies (Ossuary)
  7 kobolds
  3 kobold skeletons (Ossuary)
  4 kobold zombies (Ossuary)
  6 orc skeletons (Ossuary)
  5 orc zombies (Ossuary)
  2 rats (D:1)
  3 rat skeletons (Ossuary)
  7 rat zombies (Ossuary)
95 creatures vanquished.

Notes
Turn   | Place    | Note
-------+----------+-------------------------------------------
     0 | D:1      | KennySheep the Mountain Dwarf Reaver began the quest for
                  | the Orb.
     0 | D:1      | Reached XP level 1. HP: 17/17 MP: 3/3
   119 | D:1      | Reached XP level 2. HP: 21/25 MP: 5/5
  1149 | D:2      | Reached XP level 3. HP: 27/30 MP: 6/6
  1151 | D:2      | Learned a level 1 spell: Summon Small Mammal
  1176 | D:2      | Learned a level 2 spell: Momentum Strike
  1272 | D:3      | Reached skill level 1 in Fire Magic
  1394 | D:3      | You fall into a shaft and drop 3 floors!
  1414 | D:6      | Noticed an ice beast
  1428 | D:6      | Noticed a kobold brigand
  1443 | D:6      | Killed a kobold brigand
  1444 | D:6      | Reached XP level 4. HP: 32/37 MP: 6/8
  1497 | D:6      | Noticed a scorpion
  1509 | D:6      | Killed a scorpion
  1510 | D:6      | Reached XP level 5. HP: 30/45 MP: 9/9
  1555 | D:6      | Found a sand-covered staircase.
  1567 | Ossuary  | Entered an ossuary
  1942 | Ossuary  | Noticed Menkaure
  1955 | Ossuary  | Killed Menkaure
  1956 | Ossuary  | Reached XP level 6. HP: 29/51 MP: 7/11
  2304 | D:5      | Entered Level 5 of the Dungeon
  2442 | D:5      | HP: 1/52 [centaur/arrow (17)]
  2444 | D:5      | Slain by a centaur

Illustrated notes

Levels and vault maps discovered:
D:1:      beargit_arrival_greenhouse, layout_loops_ring, st_stairs_8,
          hangedman_decor_slide_cut
D:2:      layout_rooms, minivault_27, minmay_misc_feat_cross
D:3:      layout_loops_ring, old_standard_altar, grunt_ministairs_9,
          nicolae_titane
D:5:      layout_cave_pools, lemuel_tele_altar, minmay_temple_entry_ruins,
          kennysheep_path_1, minmay_circle_x
D:6:      layout_basic, nicolae_ossuary_entry_ruins, hex_medium,
          uniq_blork_the_orc

Skill      XL: |  1  2  3  4  5  6 |
---------------+-------------------+-----
Spellcasting   | 2 3 |  3.8
Conjurations   | 3 4 |  4.4
Fire Magic     | 2 3 4 |  4.0
Fighting       | 3 |  3.6
Maces & Flails | |  3.6
Dodging        | |  1.5

Action                     |  1- 3 |  4- 6 || total
---------------------------+-------+-------++-------
  Melee: Mace              |   107 |   209 ||   316
         Dagger            |     8 |       ||     8
  Throw: Dart              |     1 |     2 ||     3
   Cast: Momentum Strike   |       |     5 ||     5
         Summon Small Mamm |       |     1 ||     1
         Kiss of Death     |       |     1 ||     1
    Use: Scroll            |     5 |     5 ||    10
         Potion            |       |     2 ||     2
 Armour: Leather armour    |    73 |   107 ||   180
  Dodge: Dodged            |    63 |    94 ||   157

Table legend: (Time is in decaauts)
 A = Elapsed time spent in this place.
 B = Non-inter-level travel time spent in this place.
 C = Inter-level travel time spent in this place.
 D = Time resting spent in this place.
 E = Time spent auto-exploring this place.
 F = Levels seen in this place.
 G = Mean time per level.
                   A        B        C        D        E       F      G
               +--------+--------+--------+--------+--------+-----+--------+
         Total |   2511 |   2418 |     93 |    282 |   1206 |   6 |  418.5 |
       Dungeon |   1910 |   1817 |     93 |    219 |   1087 |   5 |  382.0 |
       Ossuary |    601 |    601 |      0 |     63 |    119 |   1 |  601.0 |
               +--------+--------+--------+--------+--------+-----+--------+

Top non-repeatable levels by time:
     D:1: 655 daAuts
     D:2: 608 daAuts
 Ossuary: 601 daAuts
     D:6: 352 daAuts
     D:3: 149 daAuts
     D:5: 144 daAuts
